Match 40246689
Unlisted

Match 40246689
End
Construct Weapon Support Center
Selects Special Operations Battlegroup
Selects M29 Weasel Recon Vehicle
M29 Weasel Recon Vehicle
M1919 Machine Gun Team
Engineer Squad
Engineer Squad
Infantry Support Center
Construct Medical Station
Selects Raiding Flares
Construct Tank Depot
Selects SSF Commando Squad
Selects SSF Commando Squad
SSF Commando Squad
Mortar Pit
Hanzawilhelm Longbowman of Crécy
Tanith's Finest
飞鱼
dobRi3000
0
0

Comments sign in to comment!

No comments posted yet!